 Dungeon Crawl Stone Soup version 0.25-a0-1130-g3926558f3a (webtiles) character file.

Game seed: 9871056767948729995, levelgen mode: deterministic

82 Lugonue the Firebug (level 4, -1/35 HPs)
             Began as a Hill Orc Fire Elementalist on May 19, 2020.
             Killed from afar by an orc wizard (4 damage)
             ... with a magic dart
             ... on level 3 of the Dungeon.
             The game lasted 00:05:25 (2643 turns).

Lugonue the Firebug (Hill Orc Fire Elementalist)    Turns: 2643, Time: 00:05:25

Health: -1/35      AC:  6    Str: 11    XL:     4   Next: 43%
Magic:  0/7        EV: 10    Int: 21    God:
Gold:   164        SH:  3    Dex: 11    Spells: 6/7 levels left

rFire    . . .     SeeInvis .   j - +0 hand axe
rCold    . . .     Gourm    .   h - +0 buckler
rNeg     . . .     Faith    .   e - +1 ring mail
rPois    .         Spirit   +   (no helmet)
rElec    .         Reflect  .   (no cloak)
rCorr    .         Harm     .   (no gloves)
MR       .....                  (no boots)
Stlth    +.........             d - amulet of guardian spirit
HPRegen  0.11/turn              g - +6 ring of intelligence
MPRegen  0.10/turn              (no ring)

@: no status effects
A: no striking features
a: no special abilities


You were on level 3 of the Dungeon.
You were not hungry.

You visited 1 branch of the dungeon, and saw 3 of its levels.

You collected 164 gold pieces.

Inventory:

Hand Weapons
 j - a +0 hand axe (weapon)
Armour
 e - a +1 ring mail (worn)
 h - a +0 buckler (worn)
Jewellery
 d - an amulet of guardian spirit (around neck)
 g - a +6 ring of intelligence (left hand)
Scrolls
 f - 3 scrolls of remove curse
Potions
 i - a potion of stabbing
Comestibles
 c - 6 rations
 k - 3 chunks of flesh


   Skills:
 + Level 1.1 Fighting
 * Level 1.2 Axes
 + Level 0.1 Armour
 + Level 2.0 Dodging
 - Level 1.6 Stealth
 + Level 0.1 Shields
 + Level 2.0 Spellcasting
 + Level 1.6 Conjurations
 + Level 4.2 Fire Magic


You had 6 spell levels left.
You knew the following spells:

 Your Spells              Type           Power        Failure   Level  Hunger
a - Foxfire               Conj/Fire      ##..         19%         1    #......

Your spell library contained the following spells:

 Spells                   Type           Power        Failure   Level  Hunger
 Conjure Flame            Conj/Fire      ##......     47%         3    ###....
 Inner Flame              Hex/Fire       ##......     58%         3    ###....
 Sticky Flame             Conj/Fire      ##......     87%         4    #####..
 Fireball                 Conj/Fire      ##........   99%         5    ######.


Dungeon Overview and Level Annotations

Branches:
Dungeon (3/15)

Altars:
Ashenzari
Makhleb


Message History

The orc wizard closely misses you.
Okay, then.
Your magical effects are unravelling.
You feel magically purged.
You feel yourself speed up.
You float gracefully downwards.
The gnoll hits you but does no damage.
The gnoll hits you from afar with a cursed -2 halberd.
* * * LOW HITPOINT WARNING * * *
The orc wizard hits you with a +0 dagger.
You hit the gnoll.
The gnoll is severely wounded.
You closely miss the orc wizard. You block the gnoll's attack.
The orc wizard hits you with a +0 dagger.
* * * LOW HITPOINT WARNING * * *
The gnoll hits you from afar with a cursed -2 halberd.
* * * LOW HITPOINT WARNING * * *
The gnoll misses you. The orc wizard casts a spell at you.
The magic dart hits you.
You die...

###### #....# ###....#
####g.....# #.g..#....# #########
#o#######.# #####.......# #@#
##..# ...##^......####g# #..##
#.##.......#....#####.##########
##..#...........................#
..#...............##............#
..g..........#.......#..........#
.##o............................#
. ##..(.......#......#...)......#
. #.g..#....##...##..g.........#


You could see an orc wizard and 2 gnolls.

Vanquished Creatures
  3 adders
  4 dart slugs
  2 orcs (D:3)
  A giant cockroach (D:1)
  10 goblins
  5 hobgoblins
  5 kobolds
  A quokka (D:2)
  5 bats
  5 frilled lizards
  5 rats
46 creatures vanquished.

Vanquished Creatures (others)
  55 foxfires
55 creatures vanquished.

Grand Total: 101 creatures vanquished

Notes
Turn   | Place    | Note
-------+----------+-------------------------------------------
     0 | D:1      | Lugonue the Hill Orc Fire Elementalist began the quest for
                  | the Orb.
     0 | D:1      | Reached XP level 1. HP: 14/14 MP: 3/3
   335 | D:1      | Reached XP level 2. HP: 20/20 MP: 0/4
   586 | D:1      | Reached skill level 4 in Fire Magic
   767 | D:1      | HP: 1/20 [giant cockroach (2)]
   776 | D:1      | HP: 1/20 [giant cockroach (1)]
  1204 | D:1      | Reached XP level 3. HP: 27/27 MP: 5/5
  2004 | D:2      | Found a shattered altar of Ashenzari.
  2027 | D:2      | Reached XP level 4. HP: 29/34 MP: 6/6
  2275 | D:3      | Found a burning altar of Makhleb.
  2558 | D:3      | Reached skill level 1 in Fighting
  2558 | D:3      | Reached skill level 1 in Axes
  2643 | D:3      | Killed from afar by an orc wizard

Illustrated notes

Levels and vault maps discovered:
D:1:      minmay_arrival_checkered_box, layout_basic, minmay_misc_feat_five,
          chequers_serial_rivers_room_b, minmay_tromino_mix6
D:2:      cheibrodos_old_hovel, layout_rooms, ashenzari_altar_1
D:3:      layout_rooms, lemuel_round_altar, lemuel_crystal_altar,
          nicolae_overflow_hidden_temple, first_ration, uniq_jessica

Skill      XL: |  1  2  3  4 |
---------------+-------------+-----
Fire Magic     | 4 |  4.2
Dodging        | 2 |  2.0
Fighting       | 1 |  1.1
Axes           | 1 |  1.2
Spellcasting   | 2 |  2.0
Armour         | |  0.1
Stealth        | |  1.6
Shields        | |  0.1
Conjurations   | |  1.6

Action                   |  1- 3 |  4- 6 || total
-------------------------+-------+-------++-------
Melee: Unarmed           |    15 |       ||    15
       Hand axe          |    60 |    81 ||   141
Throw: Throwing net      |       |     1 ||     1
 Cast: Foxfire           |    30 |     3 ||    33
  Use: Scroll            |     2 |     3 ||     5
       Potion            |       |     5 ||     5
  Eat: Chunk             |     4 |     2 ||     6
Armor: Robe              |     3 |       ||     3
       Ring mail         |    25 |    63 ||    88
Dodge: Dodged            |    54 |    83 ||   137
Block: Buckler           |    11 |    29 ||    40

Table legend:
 A = Non-vault XP
 B = Vault XP
 C = Vault XP percentage of total XP
 D = Non-vault monster count
 E = Vault monster count
 F = Vault count percentage of total count
                 A         B        C        D         E       F
            +---------+---------+-------+---------+---------+-------
      Total |     112 |       6 |   5.1 |      42 |       4 |   8.7
            +---------+---------+-------+---------+---------+-------
        D:1 |      32 |       4 |  11.1 |      19 |       3 |  13.6
        D:2 |      46 |       2 |   4.2 |      12 |       1 |   7.7
        D:3 |      34 |       0 |   0.0 |      11 |       0 |   0.0
            +---------+---------+-------+---------+---------+-------
